 Dungeon Crawl Stone Soup version 0.23-a0-398-g8eab93f (webtiles) character file.

4010 Cryolive the Geomancer (level 10, -6/56 HPs)
             Began as a Gargoyle Earth Elementalist on Nov 2, 2018.
             Was a Follower of Vehumet.
             Mangled by a porcupine (8 damage)
             ... on level 9 of the Dungeon.
             The game lasted 00:29:22 (8802 turns).

Cryolive the Geomancer (GrEE)                       Turns: 8802, Time: 00:29:23

Health: -6/56      AC: 15    Str: 12    XL:     10   Next: 23%
Magic:  19/19      EV: 13    Int: 19    God:    Vehumet [*.....]
Gold:   416        SH:  0    Dex: 10    Spells: 12/21 levels left

rFire    . . .     SeeInvis +   z - +7 mace "Tuhos" {drain, SInv}
rCold    . . .     Gourm    .   (no shield)
rNeg     + . .     Faith    .   c - +1 robe
rPois    ∞         Spirit   .   (no helmet)
rElec    +         Reflect  .   (no cloak)
rCorr    .         Harm     .   (no gloves)
MR       +....                  E - +0 pair of boots
Stlth    ++........             (no amulet)
HPRegen  0.18/turn              r - ring of protection from magic
MPRegen  0.16/turn              u - +4 ring of protection

@: no status effects
A: negative energy resistance 1, electricity resistance, unbreathing,
petrification resistance, rot immunity, AC +7
a: Renounce Religion


You were on level 9 of the Dungeon.
You worshipped Vehumet.
Vehumet was aware of your devotion.
You were hungry.

You visited 2 branches of the dungeon, and saw 10 of its levels.
You also visited: Sewer.

You collected 416 gold pieces.

Inventory:

Hand Weapons
 m - a +0 quarterstaff
 z - the +7 mace "Tuhos" (weapon) {drain, SInv}
   (You found it on level 5 of the Dungeon)

   A truly terrible weapon, it drains the life of those it strikes.
   It lets you see invisible.
Missiles
 b - 61 stones
 i - 7 curare-tipped needles (quivered)
Armour
 c - a +1 robe (worn)
 A - a cursed +0 buckler
 E - a +0 pair of boots (worn)
Jewellery
 r - a ring of protection from magic (left hand)
 u - a +4 ring of protection (right hand)
Wands
 j - a wand of flame (12)
 v - a wand of polymorph (10)
 G - a wand of paralysis (7)
Scrolls
 e - a scroll of blinking
 t - 3 scrolls of remove curse
 w - a scroll of magic mapping {unknown}
 x - a scroll of fear {unknown}
 y - a scroll of fog {unknown}
 C - a scroll of random uselessness {unknown}
 D - 2 scrolls of identify
Potions
 f - a potion of agility {unknown}
 g - 2 potions of haste
 h - 4 potions of curing
 k - 4 potions of brilliance
 l - a potion of cancellation {unknown}
 n - 2 potions of might
 o - a potion of resistance {unknown}
 p - 3 potions of flight
 q - 3 potions of mutation
 s - 4 potions of heal wounds
 B - a potion of lignification {unknown}
 F - a potion of invisibility {unknown}
Comestibles
 a - 13 chunks of flesh
 d - 14 rations


   Skills:
 + Level 3.8 Fighting
 + Level 3.3 Staves
 + Level 3.6 Armour
 + Level 3.5 Dodging
 - Level 2.1 Stealth
 + Level 3.4 Shields
 + Level 6.4 Spellcasting
 + Level 6.7 Conjurations
   Level 0.7 Transmutations
 + Level 8.8 Earth Magic
 + Level 3.0 Evocations


You had 12 spell levels left.
You knew the following spells:

 Your Spells              Type           Power        Failure   Level  Hunger
a - Sandblast             Erth           #####.       1%          1    None
b - Stone Arrow           Conj/Erth      #####.       1%          3    ##.....
c - Lee's Rapid Deconstr  Erth           #####.....   8%          5    #####..

Your spell library contained the following spells:

 Spells                   Type           Power        Failure   Level  Hunger
 Sting                    Conj/Pois      ###.         2%          1    None
 Passwall                 Tmut/Erth      ###.....     2%          2    None
 Petrify                  Tmut/Erth      ###.....     16%         4    ####...


Dungeon Overview and Level Annotations

Branches:
Dungeon (9/15)             Temple (1/1) D:6            Lair (0/6) D:9
    Orc: D:9-12

Altars:
Elyvilon
Gozag
Hepliaklqana
Makhleb
Nemelex Xobeh
Okawaru
Ru
Uskayaw
Vehumet
Wu Jian
Xom
The Shining One

Annotations:
D:2 1 runed door
D:6 2 transporters, myxocpahck's ghost, novice DsGl


Innate Abilities, Weirdness & Mutations

You are resistant to torment.
Your stone body is resilient. (AC +7)
You are immune to poison.
You resist negative energy. (rN+)
You are resistant to electric shocks. (rElec)
You can survive without breathing.
You are immune to petrification.
You are immune to rotting.


Message History

The porcupine is moderately wounded.
The porcupine closely misses you. The crocodile bites you!
The crocodile bites the plant!!
The porcupine misses you.
You see here a scroll of teleportation.
The black bear growls angrily.
You hear a shout!
An orc priest comes into view. It is wielding a +0 mace.
The porcupine bites the fungus!
The orc priest shouts!
You hit the fungus.
The fungus is moderately damaged.
The orc priest invokes the aid of Beogh against you.
Beogh smites you!
* * * LOW HITPOINT WARNING * * *
The crocodile bites the fungus!
The porcupine closely misses you.
The orc priest invokes the aid of Beogh against you.
Beogh smites you!
* * * LOW HITPOINT WARNING * * *
The porcupine bites you!
You die...

## #.#.....### #.o ##
#.......P.## ... #.
.P..P...P..###..# ##'
...P.P.......#h# #..
...PP..........# #..
...P...P.♣.P.#.# #..
.PP....PP♣Pr.#.# #..
.....>...tr@.#.# #..
..♣P......PP.#.# ######..
.....P.PPP...#)# ###....'..
....P..P....##.####...####..
.......♣..PP...)÷...### ###
.♣....♣(...###.######
#.P...P...## #.# #.#P..P.###
#.# ####.. #+#


You could see a crocodile, a black bear, 2 porcupines and an orc priest.

Vanquished Creatures
  A hippogriff (D:7)
  A spriggan (D:7)
  Menkaure (D:7)
  A hungry ghost (D:7)
  3 orc warriors
  2 black bears
  A sky beast (D:7)
  3 phantoms
  3 centaurs (D:6)
  A wolf (D:9)
  5 ogres
  2 crocodiles (D:9)
  A big kobold (Sewer)
  A bullfrog (D:9)
  A gnoll sergeant (D:6)
  A water moccasin zombie (D:5)
  A water moccasin skeleton (D:7)
  3 scorpions
  4 killer bees (D:8)
  2 crimson imps
  3 jellies
  7 orc priests
  A bullfrog skeleton (D:8)
  3 hounds
  5 orc wizards
  A centaur skeleton (D:5)
  Jessica (D:2)
  3 iguanas
  5 worker ants
  8 gnolls
  6 adders
  A shadow imp (D:7)
  2 oozes
  A worm (D:2)
  7 leopard geckos
  17 orcs
  3 ball pythons
  14 giant cockroaches
  3 hobgoblins
  17 jackals
  13 kobolds
  3 quokkas
  8 bats
  5 frilled lizards
  8 goblins
  A quokka zombie (D:5)
  10 rats
194 creatures vanquished.

Vanquished Creatures (others)
  2 fungi (D:9)
2 creatures vanquished.

Grand Total: 196 creatures vanquished

Notes
Turn   | Place    | Note
-------+----------+-------------------------------------------
     0 | D:1      | Cryolive the Gargoyle Earth Elementalist began the quest
                  | for the Orb.
     0 | D:1      | Reached XP level 1. HP: 10/10 MP: 3/3
   108 | D:1      | Reached skill level 4 in Earth Magic
   108 | D:1      | Reached XP level 2. HP: 1/15 MP: 0/5
   689 | D:1      | Reached XP level 3. HP: 11/19 MP: 6/6
   694 | D:1      | Learned a level 3 spell: Stone Arrow
  1075 | D:2      | Noticed Jessica
  1079 | D:2      | Killed Jessica
  1079 | D:2      | Reached skill level 1 in Conjurations
  1079 | D:2      | Reached XP level 4. HP: 11/24 MP: 4/8
  1550 | D:2      | Found an opulent altar of Gozag.
  1600 | D:2      | Reached skill level 5 in Earth Magic
  1859 | D:2      | Found a runed door.
  1893 | D:3      | Reached XP level 5. HP: 28/28 MP: 9/9
  1940 | D:3      | Found a hazy altar of Hepliaklqana.
  2003 | D:3      | Found a glowing drain.
  2033 | Sewer    | Entered a sewer
  2144 | Sewer    | Noticed a big kobold
  2222 | Sewer    | Killed a big kobold
  2270 | Sewer    | Found a white marble altar of Elyvilon.
  2386 | D:3      | Reached XP level 6. HP: 32/32 MP: 11/11
  2507 | D:3      | Found a faded altar of an unknown god.
  2800 | D:3      | Found an iron altar of Okawaru.
  3385 | D:4      | Noticed a phantom
  3396 | D:4      | Killed a phantom
  3396 | D:4      | Reached skill level 6 in Earth Magic
  3499 | D:4      | Noticed a phantom
  3513 | D:4      | Killed a phantom
  3513 | D:4      | Reached XP level 7. HP: 32/36 MP: 0/13
  3530 | D:4      | Found an ornate altar of the Wu Jian Council.
  3530 | D:4      | Found a glowing golden altar of the Shining One.
  3745 | D:5      | Entered Level 5 of the Dungeon
  4740 | D:5      | Got a translucent mace
  4741 | D:5      | Identified the +7 mace "Tuhos" {drain, SInv} (You found it
                  | on level 5 of the Dungeon)
  4830 | D:6      | Reached skill level 5 in Spellcasting
  4830 | D:6      | Reached skill level 7 in Earth Magic
  4976 | D:6      | Found a sparkling altar of Nemelex Xobeh.
  5018 | D:6      | Reached XP level 8. HP: 32/41 MP: 4/15
  5025 | D:5      | Reached skill level 5 in Conjurations
  5269 | D:6      | Found a hide-covered altar of Uskayaw.
  5397 | D:6      | Found a staircase to the Ecumenical Temple.
  5442 | Temple   | Entered the Ecumenical Temple
  5461 | Temple   | Became a worshipper of Vehumet
  5477 | D:6      | Reached skill level 1 in Fighting
  5500 | D:6      | Reached skill level 1 in Armour
  5593 | D:6      | Reached skill level 1 in Staves
  5643 | D:6      | Noticed myxocpahck's ghost (novice DsGl)
  5740 | D:6      | Found a transporter.
  5744 | D:6      | Found a transporter.
  5900 | D:7      | Noticed a hippogriff
  5908 | D:7      | Killed a hippogriff
  5908 | D:7      | Reached skill level 1 in Evocations
  5977 | D:7      | Reached skill level 1 in Shields
  5977 | D:7      | Reached skill level 8 in Earth Magic
  5977 | D:7      | Reached XP level 9. HP: 41/48 MP: 10/17
  6018 | D:7      | Found a white marble altar of Elyvilon.
  6019 | D:7      | Noticed Menkaure
  6234 | D:6      | Learned a level 4 spell: Petrify
  6239 | D:7      | Killed Menkaure
  6247 | D:7      | Learned a level 5 spell: Lee's Rapid Deconstruction
  6932 | D:7      | Found a burning altar of Makhleb.
  6934 | D:7      | Found a shimmering altar of Xom.
  6958 | D:7      | Found a sparkling altar of Nemelex Xobeh.
  7920 | D:8      | Found a sacrificial altar of Ru.
  8002 | D:8      | Reached * piety under Vehumet
  8002 | D:8      | Offered knowledge of Sting by Vehumet.
  8052 | D:8      | Found a white marble altar of Elyvilon.
  8122 | D:8      | Reached XP level 10. HP: 55/56 MP: 10/19
  8635 | D:9      | Found a staircase to the Lair.
  8802 | D:9      | HP: 2/56 [orc priest/divine providence (13)]
  8802 | D:9      | Mangled by a porcupine

Vault maps used:
D:1:      dpeg_arrival_ternary, minmay_tetromino_l4
D:2:      nicolae_gozag_cash_rules_everything_around_me, first_ration,
          serial_bayou_pond_d, uniq_crazy_yiuf_cottage, uniq_jessica
D:3:      okawaru_trees_2, overflow_temple_1_default, gup_sewer_entry_pipe,
          chequers_ecumenical_altar_grove
D:4:      gammafunk_temple_overflow_statue
D:6:      nemelex_xobeh_ov_fountains_minmay, minmay_temple_entry_statues,
          basic_altar, gammafunk_ghost_arena
D:7:      grunt_temple_overflow_champion_of_chaos, basic_altar, the_bakery,
          skrybe_limestone_x, elyvilon_altar_1, uniq_menkaure
D:8:      grunt_temple_overflow_open, minmay_misc_feat_square
D:9:      fedhas_altar_fruit_tree, minmay_lair_entry_grove,
          minmay_orc_entry_temple_small, serial_shops, nicolae_shop_statue_plus,
          minmay_stone_trees_medium
Temple:   grunt_temple_mini_profane
Sewer:    sewer_kobolds

Skill      XL: |  1  2  3  4  5  6  7  8  9 10 |
---------------+-------------------------------+-----
Earth Magic    | 4 5 6 7 8 |  8.8
Spellcasting   | 3 4 5 6 |  6.4
Conjurations   | 1 2 4 5 6 |  6.7
Fighting       | 1 3 |  3.8
Armour         | 1 3 |  3.6
Staves         | 1 3 |  3.3
Dodging        | 2 3 |  3.5
Evocations     | 1 2 3 |  3.0
Shields        | 1 3 |  3.4
Stealth        | |  2.1
Transmutations | |  0.7

Action                   |  1- 3 |  4- 6 |  7- 9 | 10-12 || total
-------------------------+-------+-------+-------+-------++-------
Melee: Unarmed           |    32 |       |       |       ||    32
       Whip              |   100 |   186 |       |       ||   286
       Flail             |       |    47 |    37 |       ||    84
       Mace              |       |       |    67 |    59 ||   126
 Cast: Sandblast         |    12 |    37 |    79 |     6 ||   134
       Stone Arrow       |       |     9 |    59 |     8 ||    76
  Use: Scroll            |       |     8 |     6 |       ||    14
       Potion            |       |     1 |       |       ||     1
 Stab: Sleeping          |     2 |     5 |     1 |     1 ||     9
  Eat: Chunk             |       |     9 |    11 |     2 ||    22
       Ration            |       |       |     2 |       ||     2
Armor: Robe              |    61 |   110 |    65 |    46 ||   282
Dodge: Dodged            |   118 |   213 |   112 |    70 ||   513

Table legend:
 A = Non-vault XP
 B = Vault XP
 C = Vault XP percentage of total XP
 D = Non-vault monster count
 E = Vault monster count
 F = Vault count percentage of total count
                 A         B        C        D         E       F
            +---------+---------+-------+---------+---------+-------
      Total |    4565 |    1164 |  20.3 |     160 |      34 |  17.5
            +---------+---------+-------+---------+---------+-------
        D:1 |      51 |       6 |  10.5 |      29 |       3 |   9.4
        D:2 |      69 |      37 |  34.9 |      18 |       1 |   5.3
        D:3 |      52 |      26 |  33.3 |      18 |      10 |  35.7
        D:4 |     394 |       0 |   0.0 |      11 |       0 |   0.0
        D:5 |     302 |       0 |   0.0 |      12 |       0 |   0.0
        D:6 |     945 |       0 |   0.0 |      24 |       0 |   0.0
        D:7 |    1435 |     420 |  22.6 |      22 |       3 |  12.0
        D:8 |    1186 |       0 |   0.0 |      24 |       0 |   0.0
        D:9 |     131 |     570 |  81.3 |       2 |       8 |  80.0
      Sewer |       0 |     105 | 100.0 |       0 |       9 | 100.0
            +---------+---------+-------+---------+---------+-------
